 Dungeon Crawl Stone Soup version 0.31.0-7-gf635a9b802 (webtiles) character file.

Game seed: 16635188674882938236

1642 sligmaballs the Cleaver (level 8, -3/68 (71) HPs)
             Began as a Hill Orc Fighter on Jan 23, 2024.
             Was a Priest of Nemelex Xobeh.
             Slain by a wight
             ... wielding a +4 war axe
              (9 damage)
             ... on level 6 of the Dungeon on Jan 24, 2024.
             The game lasted 00:36:15 (7073 turns).

sligmaballs the Cleaver (Hill Orc Fighter)          Turns: 7073, Time: 00:36:17

HP:   -3/68 (71)    AC: 19    Str: 21    XL:     8   Next: 99%
MP:   8/8           EV:  6    Int:  8    God:    Nemelex Xobeh [***...]
Gold: 419           SH:  4    Dex: 10    Spells: 7/7 levels left

rFire   . . .        a - +0 war axe
rCold   . . .        c - +0 buckler
rNeg    . . .        r - +0 plate armour
rPois   .            t - +0 helmet
rElec   .            (no cloak)
rCorr   .            (no gloves)
SInv    +            x - +0 pair of boots
Will    .....        (no amulet) Stlth
                     I - +4 ring of protection
HPRegen 0.31/turn    p - ring of see invisible
MPRegen 0.11/turn

%: no passive effects
@: mighty, lightly drained
A: no striking features
a: Renounce Religion, Draw Escape, Draw Destruction, Draw Summoning, Triple Draw


You were on level 6 of the Dungeon.
You worshipped Nemelex Xobeh.
Nemelex Xobeh was most pleased with you.
You visited 2 branches of the dungeon, and saw 7 of its levels.

You collected 419 gold pieces.

Inventory:

Hand Weapons
 a - a +0 war axe (weapon)
 M - a +0 halberd
 Q - a +0 orcbow
Armour
 b - a +0 scale mail
 c - a +0 buckler (worn)
 r - a +0 plate armour (worn)
 s - a +0 chain mail
 t - a +0 helmet (worn)
 x - a +0 pair of boots (worn)
 H - a +0 helmet
Magical Staves
 u - a staff of alchemy
Jewellery
 k - a ring of resist corrosion
 p - a ring of see invisible (right hand)
 y - a ring of poison resistance
 E - an amulet of reflection
 G - a ring of positive energy
 I - a +4 ring of protection (left hand)
 L - a ring of fire
 O - an amulet of magic regeneration
Talismans
 B - a maw talisman
Wands
 D - a wand of polymorph (8)
 K - a wand of flame (31)
 P - a wand of roots (7)
Scrolls
 h - 5 scrolls of blinking {unknown}
 i - a scroll of butterflies {unknown}
 l - 6 scrolls of identify {unknown}
 n - a scroll of noise {unknown}
 v - a scroll of immolation {unknown}
 w - a scroll of vulnerability {unknown}
 z - a scroll of brand weapon {unknown}
 A - a scroll of amnesia {unknown}
 C - 2 scrolls of teleportation {unknown}
Potions
 d - 2 potions of might
 e - 3 potions of curing
 f - 2 potions of cancellation {unknown}
 g - 2 potions of attraction {unknown}
 j - a potion of brilliance {unknown}
 m - 2 potions of heal wounds {unknown}
 o - a potion of degeneration {unknown}
 q - a potion of resistance {unknown}
 F - a potion of invisibility {unknown}
 J - a potion of lignification {unknown}
 N - a potion of ambrosia {unknown}


   Skills:
 * Level 6.5 Fighting
 + Level 10.3 Axes
 + Level 7.2 Armour
 + Level 0.5 Dodging
 + Level 0.1 Stealth
 + Level 4.3 Shields


You had 7 spell levels left.
You didn't know any spells.
Your spell library contained the following spells:

 Spells                   Type           Power      Damage    Failure   Level
 Summon Forest            Summ/Tloc      0%         N/A       100%        5
 Eringya's Noxious Bog    Alch           0%         4d6       100%        6
 Summon Hydra             Summ           0%         N/A       100%        7


Dungeon Overview and Level Annotations

Branches:
Dungeon (6/15)             Temple (1/1) D:5

Altars:
Ashenzari
Fedhas
Gozag
Hepliaklqana
Kikubaaqudgha
Nemelex Xobeh
Okawaru
Qazlal
Sif Muna
Trog
Uskayaw
Vehumet
Zin
The Shining One


Message History

The wight attacks as it pursues you! The wight hits you but does no damage.
It was a potion of curing.
You feel better. The wight hits you but does no damage.
The gnoll barely misses you.
You feel very mighty all of a sudden.
Your attacks no longer feel as feeble.
The wight is no longer moving slowly.
The gnoll bouda gazes fiercely through you!
You feel your attacks grow feeble. The wight hits you but does no damage.
The white imp barely misses you. The gnoll completely misses you.
The white imp gestures at you. The puff of frost hits you.
The wight hits you but does no damage. The white imp gestures at you.
The puff of frost hits you but does no damage.
The wight hits you but does no damage.
The gnoll is no longer moving slowly.
You hit the wight.
The wight is lightly damaged.
Your attacks no longer feel as feeble.
The gnoll bouda completely misses you. The gnoll hits you but does no damage.
The wight hits you with a +0 dire flail!
* * * LOW HITPOINT WARNING * * *
You feel drained.
* * * LOW HITPOINT WARNING * * *
You slash the wight!
The wight is heavily damaged.
You barely miss the wight. You hit the gnoll bouda.
The gnoll bouda hits you but does no damage.
The gnoll hits you but does no damage. The wight hits you with a +4 war axe.
* * * LOW HITPOINT WARNING * * *
The wight hits you with a +0 dire flail.
* * * LOW HITPOINT WARNING * * *
You feel drained.
You draw a card...
You have drawn the Tomb.
Walls emerge from the floor!
The gnoll bouda hits you with a +0 club.
* * * LOW HITPOINT WARNING * * *
The gnoll hits you from afar with a +0 spear.
* * * LOW HITPOINT WARNING * * *
The wight hits you with a +4 war axe!
You die...
Your body glows slightly and disappears.

##.....#####...
##...##....#...
#.............
##...##....#
#.....#...#
#.......#
#####z#.<...#
####gg............
#(#@zzg......#....
##z##........#.....
#5#....<....# ####
##...........#
#............
#...##..(.....
...## ...... #+###
....#


You could see a gnoll bouda, 4 wights, 2 gnolls and a white imp.

Vanquished Creatures
  Eustachio (D:5)
  A steam dragon (D:5)
  2 black bears (D:5)
  A centaur (D:5)
  A phantom (D:5)
  A kobold brigand (D:5)
  4 scorpions
  2 bombardier beetles
  An orc priest (D:5)
  6 hounds
  A gnoll bouda (D:5)
  2 jellies (D:5)
  A sleepcap (D:5)
  2 iguanas
  Ijyb (D:3)
  10 adders
  5 gnolls
  A river rat (D:5)
  4 ribbon worms (D:2)
  A dart slug (D:4)
  8 orcs
  A bat (D:1)
  7 endoplasms
  2 giant cockroaches
  8 goblins
  8 hobgoblins
  5 jackals
  3 quokkas
  8 ball pythons
  7 frilled lizards
  10 kobolds
  4 rats
119 creatures vanquished.

Notes
Turn   | Place    | Note
-------+----------+-------------------------------------------
     0 | D:1      | sligmaballs the Hill Orc Fighter began the quest for the
                  | Orb.
     0 | D:1      | Reached XP level 1. HP: 19/19 MP: 1/1
   270 | D:1      | Reached XP level 2. HP: 27/27 MP: 2/2
   304 | D:1      | Found a faded altar of an unknown god.
   426 | D:1      | Reached skill level 3 in Axes
   560 | D:1      | Reached XP level 3. HP: 33/33 MP: 3/3
   630 | D:1      | Prayed at the altar of an unknown god.
   630 | D:1      | Became a worshipper of Nemelex Xobeh the Trickster
   630 | D:1      | Reached * piety under Nemelex Xobeh
   884 | D:2      | Received a gift from Nemelex Xobeh
  1381 | D:2      | Reached XP level 4. HP: 40/40 MP: 4/4
  1403 | D:2      | Reached skill level 4 in Axes
  2103 | D:3      | Found a broken altar of Ashenzari.
  2233 | D:3      | Reached skill level 5 in Axes
  2233 | D:3      | Reached XP level 5. HP: 46/46 MP: 5/5
  2256 | D:3      | Reached ** piety under Nemelex Xobeh
  3086 | D:3      | Noticed Ijyb
  3114 | D:3      | Killed Ijyb
  3325 | D:4      | Reached skill level 6 in Axes
  3325 | D:4      | Reached XP level 6. HP: 51/53 MP: 6/6
  3457 | D:4      | Reached skill level 5 in Armour
  3997 | D:4      | Received a gift from Nemelex Xobeh
  4035 | D:4      | Reached *** piety under Nemelex Xobeh
  4158 | D:5      | Entered Level 5 of the Dungeon
  4168 | D:5      | Reached skill level 7 in Axes
  4168 | D:5      | Reached XP level 7. HP: 56/60 MP: 7/7
  4192 | D:5      | Noticed a steam dragon
  4206 | D:5      | Killed a steam dragon
  4397 | D:5      | Reached skill level 5 in Fighting
  4438 | D:5      | Reached skill level 8 in Axes
  4503 | D:5      | Reached XP level 8. HP: 66/68 MP: 8/8
  4765 | D:5      | Reached skill level 9 in Axes
  4791 | D:5      | Found a transporter.
  4806 | D:5      | Found a transporter.
  5643 | D:5      | Noticed Eustachio
  5665 | D:5      | Killed Eustachio
  6113 | D:5      | Found a hide-covered altar of Uskayaw.
  6118 | D:5      | Reached skill level 10 in Axes
  6187 | D:5      | Found a stormy altar of Qazlal.
  6797 | D:5      | Found a staircase to the Ecumenical Temple.
  6823 | Temple   | Entered the Ecumenical Temple
  7073 | D:6      | Slain by a wight

Illustrated notes

Levels and vault maps discovered:
D:1:      orjb1_clovarrival, layout_basic, hellmonk_ecumenical_altar_arch_garden
D:2:      layout_basic, minmay_misc_feat_enclosed
D:3:      layout_basic, mainiacjoe_overflow_24_doors, uniq_ijyb
D:4:      layout_loops_cross
D:5:      gammafunk_wand_slinger, layout_basic, jmf_multi_god_temple2,
          minmay_temple_entry_fiery, uniq_eustachio
D:6:      layout_cave_pools, nicolae_wu_jian_glorious_leap,
          portal_sewer_entry_e, serial_gnoll_camp, gnoll_camp_mini_shop,
          gnoll_camp_mini_hut, gnoll_camp_mini_basic, gnoll_camp_huts_basic,
          gnoll_camp_mini_hut, gnoll_camp_mini_hut, enter_ossuary_3
Temple:   nicolae_temple_bog_church

Skill      XL: |  1  2  3  4  5  6  7  8 |
---------------+-------------------------+-----
Armour         | 4 5 7 |  7.2
Axes           | 3 5 6 7 8 10 | 10.3
Fighting       | 4 5 6 |  6.5
Shields        | 4 |  4.3
Dodging        | |  0.5
Stealth        | |  0.1

Action                     |  1- 3 |  4- 6 |  7- 9 || total
---------------------------+-------+-------+-------++-------
  Melee: War axe           |   110 |   176 |   168 ||   454
         Unarmed           |       |    21 |       ||    21
 Invoke: Draw Escape       |     1 |       |     3 ||     4
         Draw Destruction  |       |       |     2 ||     2
    Use: Potion            |     1 |       |     2 ||     3
 Armour: Scale mail        |    73 |       |       ||    73
         Plate armour      |     9 |   158 |   234 ||   401
         Skin              |       |     6 |       ||     6
  Dodge: Dodged            |    57 |    59 |    64 ||   180
  Block: Buckler           |    24 |    35 |    29 ||    88
